 Dungeon Crawl Stone Soup version 0.17-a0-2179-g6177076 (webtiles) character file.

51 Rojiru the Skirmisher (level 3, -2/26 HPs)
             Began as an Octopode Chaos Knight on Oct 25, 2015.
             Slain by a kobold
             ... wielding a +2 dagger of flaming
              (3 damage)
             ... on level 2 of the Dungeon.
             The game lasted 00:04:20 (1700 turns).

Rojiru the Skirmisher (Octopode Chaos Knight)       Turns: 1700, Time: 00:04:21

Health: -2/26      AC:  1    Str: 12    XL:     3   Next: 81%
Magic:  3/3        EV: 13    Int: 19    God:    Xom [...*..]
Gold:   82         SH:  0    Dex: 13    Spells: 0 memorised, 2 levels left

rFire  . . .     SeeInvis .     a - +0 mace (chaos)
rCold  . . .     Clarity  .     (no shield)
rNeg   . . .     SustAt   .     (helmet restricted)
rPois  .         Gourm    .     (no amulet)
rElec  .         Spirit   .     o - +2 ring of dexterity
rCorr  .         Warding  .     (no ring)
rMut   .         Stasis   .     (no ring)
MR     .....                    (no ring)
Stlth  +++.......               (no ring)
                                (no ring)
                                (no ring)
                                (no ring)

@: brilliant, not resistant to hostile enchantments, fairly stealthy
A: almost no armour, amphibious, 8 rings, constrict 8, camouflage 1, gelatinous
body 1
a: Renounce Religion


You were on level 2 of the Dungeon.
You worshipped Xom.
You were a favourite toy of Xom.
You were not hungry.

You visited 1 branch of the dungeon, and saw 2 of its levels.

You collected 82 gold pieces.

Inventory:

Hand Weapons
 a - a +0 mace of chaos (weapon)
Jewellery
 o - a +2 ring of dexterity (left tentacle)
Scrolls
 c - 2 scrolls of identify {unknown}
 d - a scroll of enchant weapon {unknown}
 e - 2 scrolls of teleportation {unknown}
 f - a scroll of magic mapping {unknown}
 j - a scroll of remove curse {unknown}
 k - a scroll of recharging {unknown}
 m - a scroll of fear {unknown}
Potions
 g - a potion of brilliance
 h - a potion of agility {unknown}
 l - a potion of resistance {unknown}
 n - a potion of poison {unknown}
Comestibles
 b - a bread ration
 i - a meat ration


   Skills:
 + Level 3.5 Fighting
 + Level 3.3 Maces & Flails
 + Level 2.8 Dodging
 + Level 1.1 Stealth
 * Level 1.4 Unarmed Combat


You had 2 spell levels left.
You didn't know any spells.

Dungeon Overview and Level Annotations

Branches:
Dungeon (2/15)

Altars:
Ashenzari
Fedhas


Innate Abilities, Weirdness & Mutations

You cannot wear most types of armour.
You are amphibious.
You can wear up to eight rings at the same time.
You can use your tentacles to constrict eight enemies at once.
Your skin changes colour to match your surroundings (Stealth).
Your rubbery body absorbs attacks (AC +1).


Message History

Your squeeze misses the kobold.
You constrict the kobold, but do no damage.
You constrict the quokka. The quokka bites you.
* * * LOW HITPOINT WARNING * * *
The kobold closely misses you. The kobold barely misses you.
The quokka bites you.
* * * LOW HITPOINT WARNING * * *
Drink which item? (? for menu, Esc to quit)
You don't have any such object.
Drink which item? (? for menu, Esc to quit)
You don't have any such object.
Drink which item? (? for menu, Esc to quit)
Drink which item? (? for menu, Esc to quit)
It was a potion of brilliance.
You feel clever all of a sudden.
You constrict the kobold.
You kill the kobold!
You constrict the quokka.
The kobold hits you with a dagger of flaming.
You die...

####################.....##.###.
#...................##......# ##
#..#...#...#...#...##...##### #
#_......................# #
#..#...#...#...#...#....# #
#...................#...#### #
#####################...##.###
.##...r#..........#..# #
...$.l†@(.(......###.###
#.#...K#....(.[...#.....
#..#.#####....#..##### #. #.
#....#.## # # #. #....#.# # ..
#....#.# # ## #..÷)#.# #
####......# # #......######


You could see a giant gecko, a quokka and a kobold.

Vanquished Creatures
  2 adders (D:2)
  6 bats
  2 giant cockroaches (D:2)
  3 goblins
  6 hobgoblins
  5 kobolds
  A giant newt (D:1)
  6 rats
31 creatures vanquished.

Notes
Turn   | Place    | Note
--------------------------------------------------------------
     0 | D:1      | Rojiru the Octopode Chaos Knight began the quest for the Orb.
     0 | D:1      | Reached XP level 1. HP: 16/16 MP: 1/1
   134 | D:1      | XOM: harmless Tloc miscast
   253 | D:1      | Reached XP level 2. HP: 15/21 MP: 2/2
   296 | D:1      | XOM: cast spell 'Summon Butterflies'
   773 | D:1      | Reached skill level 1 in Unarmed Combat
   942 | D:2      | XOM: divination: magic mapping
   947 | D:2      | Reached XP level 3. HP: 9/26 MP: 3/3
  1152 | D:2      | XOM: silly message
  1258 | D:2      | Found a blossoming altar of Fedhas.
  1345 | D:2      | XOM: mild Hex miscast
  1355 | D:2      | XOM: god gift: bloodstained leather armour {god gift}
  1375 | D:2      | Reached skill level 1 in Stealth
  1398 | D:2      | XOM is BORED!
  1398 | D:2      | XOM: polymorph quokka -> adder
  1420 | D:2      | XOM: vitrification
  1663 | D:2      | Found a shattered altar of Ashenzari.
  1699 | D:2      | HP: 1/26 [quokka (2)]
  1700 | D:2      | Slain by a kobold

Vault maps used:
D:1:      dpeg_arrival_three_same_balls
D:2:      lemuel_coloured_pillars_altar, fedhas_altar_3

Action                   || total
-------------------------++-------
Melee: Unarmed           ||    10
       Mace              ||    60
  Use: Potion            ||     1
 Stab: Sleeping          ||     5
  Eat: Chunk             ||     2
